 Dungeon Crawl Stone Soup version 0.31-a0-167-g1c394c0614 (webtiles) character file.

Game seed: 10209447970108538009

71 mopl the Magician (level 4, -3/27 HPs)
             Began as an Octopode Hedge Wizard on June 14, 2023.
             Slain by Natasha (8 damage)
             ... on level 2 of the Dungeon.
             The game lasted 00:01:58 (1024 turns).

mopl the Magician (Octopode Hedge Wizard)           Turns: 1024, Time: 00:01:59

Health: -3/27      AC:  1    Str:  9    XL:     4   Next: 24%
Magic:  3/9        EV: 18    Int: 18    God:
Gold:   69         SH:  0    Dex: 11    Spells: 4/10 levels left

rFire   . . .        b - staff of poison
rCold   . . .        (no shield)
rNeg    . . .        f - +0 hat
rPois   +            (no amulet)
rElec   .            i - ring of see invisible
rCorr   .            p - +5 ring of evasion
SInv    +            (no ring)
Will    .....        (no ring)
Stlth   +++          (no ring)
HPRegen 0.24/turn    (no ring)
MPRegen 0.11/turn    (no ring)
                     (no ring)

%: no passive effects
@: very slightly contaminated
A: almost no armour, amphibious, 8 rings, camouflage 1, gelatinous body 1,
(nimble swimmer 1), tentacles
a: no special abilities


You were on level 2 of the Dungeon.
You visited 1 branch of the dungeon, and saw 2 of its levels.

You collected 69 gold pieces.

Inventory:

Hand Weapons
 a - a +0 dagger
 m - the +3 whip of Kuocriur {speed, rN+ Dex+3}
   (You found it on level 2 of the Dungeon)

   Dex:       It affects your dexterity (+3).
   rN:        It protects you from negative energy.
Missiles
 l - 5 boomerangs
Armour
 f - a +0 hat (worn)
Magical Staves
 b - a staff of poison (weapon)
Jewellery
 i - a ring of see invisible (left tentacle)
 p - a +5 ring of evasion (right tentacle)
Scrolls
 e - a scroll of identify {unknown}
 h - a scroll of enchant armour {unknown}
 j - a scroll of fear {unknown}
 k - a scroll of poison {unknown}
 n - a scroll of amnesia {unknown}
 o - a scroll of brand weapon {unknown}
Potions
 c - a potion of magic
 d - a potion of degeneration {unknown}
 g - a potion of brilliance {unknown}


   Skills:
 - Level 2.0 Dodging
 - Level 2.6 Stealth
 + Level 3.5 Spellcasting
 + Level 2.1 Conjurations
 - Level 1.0 Summonings
 + Level 2.1 Translocations
 + Level 0.5 Poison Magic
 + Level 1.2 Evocations


You had 4 spell levels left.
You knew the following spells:

 Your Spells              Type           Power      Damage    Failure   Level
a - Magic Dart            Conj           40%        1d5       6%          1
c - Mephitic Cloud        Conj/Pois/Air  9%         N/A       32%         3
e - Blink                 Tloc           20%        N/A       10%         2

Your spell library contained the following spells:

 Spells                   Type           Power      Damage    Failure   Level
 Slow                     Hex            12%        N/A       16%         1
 Call Imp                 Summ           12%        N/A       16%         2
 Cigotuvi's Dreadful Rot  Necr/Pois/Air  10%        N/A       22%         2


Dungeon Overview and Level Annotations

Branches:
Dungeon (2/15)

Altars:
Uskayaw

Annotations:
D:2 Natasha


Innate Abilities, Weirdness & Mutations

You cannot wear most types of armour.
You are amphibious.
You can wear up to eight rings at the same time.
Your skin changes colour to match your surroundings (Stealth+).
Your rubbery body absorbs attacks. (AC +1, EV +1)
((You are camouflaged when in or above water. (Stealth+)))
You have tentacles for arms and can constrict up to eight enemies at once.


Message History

p - a +5 ring of evasion (right tentacle)
Found a scroll labelled TUNLEXTILUA.
The helpless ball python fails to defend itself.
You hit the ball python. You grab the ball python.
You tentacle-slap the ball python.
The ball python is heavily wounded.
You constrict the ball python. The ball python bites you.
The ball python completely misses you.
The ball python bites you but does no damage.
The ball python closely misses you.
You hit the ball python.
You kill the ball python!
Natasha, Servant of Life and Death comes into view.
She is carrying a wand of flame (10).
A bat comes into view.
Found an emerald potion.
Found a hide-covered altar of Uskayaw.
Unknown command.
The magic dart hits Natasha.
Natasha is moderately wounded.
Natasha hisses angrily.
The magic dart hits Natasha but does no damage.
Natasha is moderately wounded.
Natasha zaps a wand.
The puff of flame hits you!
The magic dart hits Natasha.
Natasha is heavily wounded.
The magic dart hits Natasha but does no damage.
Natasha is heavily wounded.
The magic dart hits Natasha.
Natasha is almost dead.
The bat completely misses you. Natasha closely misses you.
You miscast Magic Dart.
You are very lightly contaminated with residual magic.
Nothing appears to happen.
The bat hits you.
Natasha stares at you and mumbles some strange words.
The magic dart hits you!
* * * LOW HITPOINT WARNING * * *
You are too injured to fight recklessly!
You miss Natasha. You grab Natasha.
Natasha is almost dead.
You constrict Natasha. The bat hits you but does no damage. Natasha claws you!
You die...

.. ... ###### ....
.....## ##.... ......##
#...... .......#####
###...?...
...........####...#.....
..>....###......@b......
.......# #####.##h......
.......# !..# .......
.......## #.#### .._..#.
......[..#. .....#
..†....#.# .......
..†....# .###..#
.......# ## ..# (......#


You could see Natasha and a bat.

Vanquished Creatures
  Natasha (D:2)
  2 adders (D:2)
  A dart slug (D:1)
  2 bats (D:1)
  A giant cockroach (D:1)
  7 hobgoblins
  3 jackals (D:1)
  3 ball pythons (D:2)
  A goblin (D:1)
  A kobold (D:2)
  4 rats
26 creatures vanquished.

Notes
Turn   | Place    | Note
-------+----------+-------------------------------------------
     0 | D:1      | mopl the Octopode Hedge Wizard began the quest for the Orb.
     0 | D:1      | Reached XP level 1. HP: 11/11 MP: 4/4
    90 | D:1      | Reached XP level 2. HP: 4/17 MP: 1/6
   150 | D:1      | Learned a level 2 spell: Blink
   747 | D:2      | Noticed Natasha
   786 | D:2      | Killed Natasha
   787 | D:2      | Reached skill level 2 in Conjurations
   787 | D:2      | Reached XP level 3. HP: 8/21 MP: 7/7
   815 | D:2      | Learned a level 3 spell: Mephitic Cloud
   883 | D:2      | Reached skill level 1 in Evocations
   895 | D:2      | Reached skill level 2 in Translocations
   895 | D:2      | Reached XP level 4. HP: 24/27 MP: 6/9
   932 | D:2      | Identified the +3 whip of Kuocriur {speed, rN+ Dex+3}
  1015 | D:2      | Noticed Natasha
  1016 | D:2      | Found a hide-covered altar of Uskayaw.
  1024 | D:2      | Slain by Natasha

Illustrated notes

Levels and vault maps discovered:
D:1:      eino_arrival_cavern_b, layout_basic, minmay_distorted
D:2:      layout_rooms, basic_altar, uniq_natasha, uniq_terence, uniq_jessica

Skill      XL: |  1  2  3 |
---------------+----------+-----
Conjurations   | 2 |  2.1
Evocations     | 1 |  1.2
Translocations | 2 |  2.1
Dodging        | |  2.0
Stealth        | |  2.6
Spellcasting   | |  3.5
Summonings     | |  1.0
Poison Magic   | |  0.5

Action                     |  1- 3 |  4- 6 || total
---------------------------+-------+-------++-------
  Melee: Dagger            |    26 |       ||    26
         Constrict         |    10 |     4 ||    14
         Tentacles         |     4 |     1 ||     5
         Staff             |     6 |    10 ||    16
         Punch             |     1 |     1 ||     2
   Cast: Magic Dart        |    18 |     5 ||    23
   Stab: Sleeping          |     5 |     1 ||     6
 Armour: Skin              |     4 |     4 ||     8
  Dodge: Dodged            |    21 |    11 ||    32

Table legend: (Time is in decaauts)
 A = Elapsed time spent in this place.
 B = Non-inter-level travel time spent in this place.
 C = Inter-level travel time spent in this place.
 D = Time resting spent in this place.
 E = Time spent auto-exploring this place.
 F = Levels seen in this place.
 G = Mean time per level.
                   A        B        C        D        E       F      G
               +--------+--------+--------+--------+--------+-----+--------+
         Total |   1025 |    964 |     61 |    147 |    604 |   2 |  512.5 |
       Dungeon |   1025 |    964 |     61 |    147 |    604 |   2 |  512.5 |
               +--------+--------+--------+--------+--------+-----+--------+

Top non-repeatable levels by time:
     D:1: 729 daAuts
     D:2: 296 daAuts
